 Dungeon Sprint DCSS version 0.26-a0-708-g17f3b190f9 (webtiles) character file.

Game seed: 10176530564946173094

137400 mhtbhm the Hoplite (level 15, -3/176 HPs)
             Began as a Troll Fighter on Oct 27, 2020.
             Was the Champion of Trog.
             Slain by a wolf spider (29 damage)
             ... in the Dungeon (Sprint IX: "|||||||||||||||||||||||||||||").
             The game lasted 00:13:28 (4682 turns).

mhtbhm the Hoplite (Troll Fighter)                  Turns: 4682, Time: 00:13:28

Health: -3/176     AC: 18    Str: 36    XL:     15   Next: 57%
Magic:  4/4        EV: 16    Int:  4    God:    Trog [******]
Gold:   1036       SH: 31    Dex:  9    Spells: 14/14 levels left

rFire    . . .     SeeInvis .   C - +8 morningstar (antimagic)
rCold    . . .     Faith    .   c - +1 tower shield
rNeg     . . .     Spirit   .   b - +0 swamp dragon scales
rPois    +         Reflect  +   (helmet restricted)
rElec    .         Harm     .   m - +1 cloak
rCorr    .         Rampage  .   (gloves unavailable)
MR       +....     NoTele   +   (boots unavailable)
Stlth    ++........             q - amulet of reflection
HPRegen  0.79/turn              n - +2 ring of protection
MPRegen  0.09/turn              o - +3 ring of strength

@: lethally poisoned (-3 -> -4), berserk cooldown, slowed, very slow
A: large, unfitting armour, claws 3, regeneration 1, shaggy fur 1, tough skin 3
}: 3/17 runes: decaying, serpentine, barnacled
a: Berserk, Trog's Hand, Brothers in Arms, Renounce Religion


You were in the Dungeon.
You worshipped Trog.
Trog was exalted by your worship.
You visited 1 branch You collected 1936 gold pieces.
You spent 900 gold pieces at shops.

Inventory:

Hand Weapons
 a - the +4 morningstar of Dismemberment {vorpal, rN+ MR++}
   (Trog gifted it to you in the Dungeon)

   It inflicts extra damage upon your enemies.
   It protects you from negative energy.
   It affects your resistance to hostile enchantments.
 C - a +8 antimagic morningstar (weapon)
 H - a +2 sacred scourge of holy wrath
Missiles
 t - 30 large rocks (quivered)
 B - 4 curare-tipped darts
 I - 30 javelins
Armour
 b - +0 swamp dragon scales (worn)
 c - a +1 tower shield (worn)
 m - a +1 cloak (worn)
Jewellery
 n - a +2 ring of protection (left claw)
 o - a +3 ring of strength (right claw)
 q - an amulet of reflection (around neck)
 z - an uncursed ring of protection from magic
 A - an uncursed ring of protection from cold
 D - an uncursed amulet of regeneration
 E - a +4 ring of evasion
 F - a +4 ring of protection
 G - a +2 ring of slaying
Scrolls
 j - 3 scrolls of blinking
 k - 8 scrolls of remove curse
 r - 6 scrolls of enchant weapon
 s - 3 scrolls of fog
 u - 4 scrolls of fear
 v - a scroll of holy word
 w - 4 scrolls of identify
 y - 3 scrolls of immolation
Potions
 d - 5 potions of might
 e - 8 potions of curing
 f - a potion of invisibility
 g - 4 potions of haste
 h - 4 potions of magic
 i - 7 potions of heal wounds
 p - 3 potions of berserk rage
 x - a potion of resistance


   Skills:
 + Level 17.8 Fighting
 + Level 20.7 Maces & Flails
 + Level 0.7 Throwing
 + Level 9.8 Armour
 + Level 15.2 Dodging
 + Level 4.1 Stealth
 + Level 21.0 Shields
   Level 2.8 Evocations


You had 14 spell levels left.
You didn't know any spells.
Your spell library was empty.

Dungeon Overview and Level Annotations

Branches:
Dungeon (1/1)

Altars:
Cheibriados
Dithmenos
Elyvilon
Fedhas
Gozag
Hepliaklqana
Kikubaaqudgha
Makhleb
Nemelex Xobeh
Okawaru
Qazlal
Ru
Sif Muna
Trog
Uskayaw
Vehumet
Wu Jian
Xom
Yredelemnul
Zin
The Shining One
Beogh
Jiyva
Lugonu

Shops:
D ![!?


Innate Abilities, Weirdness & Mutations

You are too large for most types of armour.
You have claws for hands.
Your natural rate of healing is unusually fast.
You are covered in fur. (AC +1)
You have extremely tough skin. (AC +3)


Message History

You feel sick. You block the wolf spider's attack. x4
The jumping spider leaps!
You block the wolf spider's attack. The wolf spider completely misses you.
Unknown command.
You impale the wolf spider!!
The wolf spider is heavily wounded.
You feel sick. You block the wolf spider's attack. x3
The wolf spider closely misses you.
Unknown command.
You closely miss the wolf spider.
The wolf spider is heavily wounded.
You feel sick. You block the wolf spider's attack. x2
The wolf spider hits you.
* * * LOW HITPOINT WARNING * * *
The wolf spider bites you!
* * * LOW HITPOINT WARNING * * *
You hit the wolf spider.
The wolf spider is heavily wounded.
You block the wolf spider's attack. x4; The wolf spider hits you!!
You die...

,,,,,,,,,,,,,,,,,,,,,,,+,,,,,,*
*******************************
,,,,,,,,,,,,,,,,,,,,,,,,,,,,,,*
*****************************,*
,,,,,,,,,,,,,,,,+,,,,,,,,,+,,,*
*******************************
,,,,,,,,,,,,,,,,,,,,,,,,,,,,,,*
♣♣♣♣♣♣♣♣♣♣♣▓▓▓▓▓▓▓▓▓▓▓▓▓*****,*
†)†....).††'....@ssy....,+,,,,*
♣♣♣♣♣♣♣♣♣♣♣▓▓▓▓▓▓▓▓▓▓▓▓▓▓▓▓▓▓▓▓
........................).....▓
▓▓▓▓▓▓▓▓▓▓▓▓▓▓▓▓▓▓▓▓▓▓▓▓▓▓▓▓▓.▓
...................'..........▓
▓▓▓▓▓▓▓▓▓▓▓▓▓▓▓▓▓▓▓▓▓▓▓▓▓▓▓▓▓▓▓
..............................▓
▓▓▓▓▓▓▓▓▓▓▓▓▓▓▓▓▓▓▓▓▓▓▓▓▓▓▓▓▓.▓
)))[)(..............'.........▓


You could see a wolf spider (berserk), a moth of wrath and a redback (berserk).

Vanquished Creatures
  Mennas (D)
  Frances (D)
  5 nagarajas (D)
  Ilsuiw (D)
  A ghost moth (D)
  A frost giant (D)
  3 emperor scorpions (D)
  2 ironheart preservers (D)
  A very ugly thing (D)
  4 stone giants (D)
  A vampire knight (D)
  Nessos (D)
  6 merfolk impalers (D)
  A merfolk javelineer (D)
  3 fire dragons (D)
  8 hydras (D)
  2 yaktaur captains (D)
  2 great orbs of eyes (D)
  A rakshasa (D)
  A spriggan air mage (D)
  2 centaur warriors (D)
  A merfolk aquamancer (D)
  2 ogre magi (D)
  A tengu warrior (D)
  A deep troll shaman (D)
  A two-headed ogre (D)
  A deep troll earth mage (D)
  7 orc high priests (D)
  Sonja (D)
  A naga sharpshooter (D)
  A salamander mystic (D)
  Nergalle (D)
  A spriggan druid (D)
  An unseen horror (D)
  5 swamp dragons (D)
  2 wizards (D)
  3 ironbrand convokers (D)
  3 orc knights (D)
  3 ugly things (D)
  A naga ritualist (D)
  A harpy (D)
  2 wolf spiders (D)
  3 cyclopes (D)
  A deep elf mage (D)
  An orb spider (D)
  2 manticores (D)
  3 moths of wrath (D)
  3 black mambas (D)
  A salamander (D)
  A vault sentinel (D)
  A guardian serpent (D)
  3 naga magi (D)
  6 cane toads (D)
  4 komodo dragons (D)
  A yaktaur (D)
  A freezing wraith (D)
  A troll (D)
  A merfolk (D)
  A polar bear (D)
  5 hornets (D)
  A troll (shapeshifter) (D)
  3 jumping spiders (D)
  A tyrant leech (D)
  A wind drake (D)
  A blink frog (D)
  2 slime creatures (D)
  A bog body (D)
  A snapping turtle (D)
  A vampire (D)
  2 tarantellas (D)
  A redback (shapeshifter) (D)
  2 redbacks (D)
  A shadow (D)
  A human (shapeshifter) (D)
  A vampire mosquito (D)
  A naga (D)
  5 water moccasins (D)
  2 acid dragons (D)
  9 orc warriors (D)
  3 swamp drakes (D)
  A black bear (D)
  A sky beast (D)
  A big kobold (D)
  7 bullfrogs (D)
  A wight (D)
  A jelly (D)
  10 orc priests (D)
  An iguana (D)
  4 orc wizards (D)
  2 worker ants (D)
  An adder (D)
  8 orcs (D)
  A bat (D)
  2 bat zombies (D)
  2 hobgoblins (D)
  A jackal (D)
  A quokka (D)
  2 frilled lizards (D)
  A rat (D)
215 creatures vanquished.

Vanquished Creatures (collateral kills)
  A sphinx (D)
  A fire giant (D)
  A nagaraja (D)
  A merfolk javelineer (D)
  3 merfolk impalers (D)
  A naga warrior (D)
  A merfolk aquamancer (D)
  A hell knight (D)
  2 guardian serpents (D)
  A naga (D)
13 creatures vanquished.

Vanquished Creatures (others)
  A bog body (D)
1 creature vanquished.

Grand Total: 229 creatures vanquished

Notes
Turn   | Place    | Note
-------+----------+-------------------------------------------
     0 | D        | mhtbhm the Troll Fighter began the quest for the Orb.
     0 | D        | Reached XP level 1. HP: 22/22 MP: 0/0
   117 | D        | Noticed an orc priest
   117 | D        | Noticed a worker ant
   125 | D        | HP: 1/22 [quokka (1)]
   129 | D        | Reached skill level 3 in Shields
   129 | D        | Reached XP level 2. HP: 31/31 MP: 1/1
   137 | D        | Reached XP level 3. HP: 39/39 MP: 2/2
   147 | D        | Found a roughly hewn altar of Beogh.
   147 | D        | Found a snail-covered altar of Cheibriados.
   147 | D        | Found a shadowy altar of Dithmenos.
   147 | D        | Found a white marble altar of Elyvilon.
   147 | D        | Found a blossoming altar of Fedhas.
   147 | D        | Found an opulent altar of Gozag.
   148 | D        | Found a hazy altar of Hepliaklqana.
   149 | D        | Found a viscous altar of Jiyva.
   150 | D        | Found an ancient bone altar of Kikubaaqudgha.
   151 | D        | Found a corrupted altar of Lugonu.
   152 | D        | Found a burning altar of Makhleb.
   153 | D        | Found a sparkling altar of Nemelex Xobeh.
   154 | D        | Found an iron altar of Okawaru.
   155 | D        | Found a stormy altar of Qazlal.
   156 | D        | Found a sacrificial altar of Ru.
   157 | D        | Found a shimmering blue altar of Sif Muna.
   158 | D        | Found a bloodstained altar of Trog.
   159 | D        | Found a hide-covered altar of Uskayaw.
   160 | D        | Found a radiant altar of Vehumet.
   161 | D        | Found an ornate altar of the Wu Jian Council.
   162 | D        | Found a shimmering altar of Xom.
   163 | D        | Found a basalt altar of Yredelemnul.
   164 | D        | Found a glowing silver altar of Zin.
   165 | D        | Found a glowing golden altar of the Shining One.
   178 | D        | Became a worshipper of Trog the Wrathful
   218 | D        | Reached skill level 4 in Shields
   218 | D        | Reached XP level 4. HP: 32/49 MP: 3/3
   228 | D        | Reached * piety under Trog
   228 | D        | Reached skill level 5 in Dodging
   228 | D        | Reached XP level 5. HP: 33/55 MP: 4/4
   241 | D        | Reached ** piety under Trog
   266 | D        | Noticed a troll
   266 | D        | Noticed a hornet
   266 | D        | Noticed a deep elf mage
   266 | D        | Noticed a vampire
   272 | D        | Killed a troll
   272 | D        | Reached skill level 5 in Fighting
   272 | D        | Reached skill level 6 in Shields
   272 | D        | Reached XP level 6. HP: 67/67 MP: 5/5
   274 | D        | Noticed an ice beast
   276 | D        | Noticed an ice beast
   276 | D        | Killed a hornet
   276 | D        | Reached XP level 7. HP: 76/76 MP: 6/6
   278 | D        | Killed a deep elf mage
   278 | D        | Reached *** piety under Trog
   278 | D        | Reached skill level 7 in Shields
   283 | D        | Killed a vampire
   283 | D        | Reached XP level 8. HP: 44/87 MP: 7/7
   287 | D        | Reached skill level 10 in Maces & Flails
   290 | D        | Reached **** piety under Trog
   448 | D        | Noticed a cane toad
   448 | D        | Noticed a cane toad
   448 | D        | Noticed a komodo dragon
   452 | D        | Noticed a cane toad
   469 | D        | Killed a cane toad
   469 | D        | Reached skill level 8 in Shields
   472 | D        | Reached ***** piety under Trog
   477 | D        | Killed a cane toad
   477 | D        | Reached XP level 9. HP: 81/93 MP: 8/8
   483 | D        | Killed a komodo dragon
   493 | D        | Killed a cane toad
   493 | D        | Received a gift from Trog
   493 | D        | Reached skill level 9 in Shields
   552 | D        | Noticed a komodo dragon
   552 | D        | Noticed a komodo dragon
   552 | D        | Noticed a polar bear
   557 | D        | Killed a komodo dragon
   559 | D        | Noticed a komodo dragon
   562 | D        | Killed a komodo dragon
   570 | D        | Killed a polar bear
   581 | D        | Killed a komodo dragon
   581 | D        | Reached skill level 10 in Shields
   581 | D        | Reached XP level 10. HP: 106/106 MP: 9/9
   583 | D        | Reached skill level 10 in Dodging
   619 | D        | Noticed a cane toad
   619 | D        | Noticed a cane toad
   622 | D        | Reached skill level 1 in Stealth
   623 | D        | Noticed a cane toad
   625 | D        | Killed a cane toad
   625 | D        | Reached ****** piety under Trog
   627 | D        | Received a gift from Trog
   632 | D        | Killed a cane toad
   639 | D        | Killed a cane toad
   754 | D        | Received a gift from Trog
   756 | D        | Noticed an orc knight
   776 | D        | Killed an orc knight
   782 | D        | Reached skill level 11 in Shields
   784 | D        | Received a gift from Trog
   824 | D        | Noticed an orc knight
   835 | D        | Killed an orc knight
   838 | D        | Received a gift from Trog
   861 | D        | Received a gift from Trog
   861 | D        | Reached skill level 15 in Maces & Flails
   910 | D        | Found Hixzaet's Distillery.
   910 | D        | Noticed an orc high priest
   910 | D        | Noticed an orc high priest
   910 | D        | Noticed an orc high priest
   911 | D        | Noticed an orc high priest
   912 | D        | Noticed a smoke demon
   917 | D        | Killed an orc high priest
   917 | D        | Reached XP level 11. HP: 117/117 MP: 10/10
   922 | D        | Killed an orc high priest
   922 | D        | Reached skill level 10 in Fighting
   925 | D        | Killed an orc high priest
   926 | D        | Found Wogok's Armour Shoppe.
   938 | D        | Killed an orc high priest
   938 | D        | Received a gift from Trog
   940 | D        | Found Yfiutet's Distillery.
   983 | D        | Found Atoahyar's Magic Scroll Shoppe.
   985 | D        | Noticed an orc high priest
   988 | D        | Noticed an orc high priest
   993 | D        | Noticed an orc high priest
   998 | D        | Killed an orc high priest
  1008 | D        | Killed an orc high priest
  1015 | D        | Killed an orc high priest
  1149 | D        | Bought a scroll of holy word for 82 gold pieces
  1149 | D        | Bought a scroll of identify for 22 gold pieces
  1149 | D        | Bought a scroll of magic mapping for 38 gold pieces
  1149 | D        | Bought a scroll of fog for 22 gold pieces
  1151 | D        | Bought a potion of haste for 100 gold pieces
  1151 | D        | Bought a potion of curing for 30 gold pieces
  1151 | D        | Bought a potion of might for 40 gold pieces
  1155 | D        | Bought a potion of curing for 36 gold pieces
  1155 | D        | Bought a potion of heal wounds for 60 gold pieces
  1155 | D        | Bought a potion of might for 48 gold pieces
  1155 | D        | Bought a potion of resistance for 120 gold pieces
  1155 | D        | Bought a potion of curing for 36 gold pieces
  1155 | D        | Bought a potion of might for 48 gold pieces
  1155 | D        | Bought a potion of heal wounds for 60 gold pieces
  1161 | D        | Bought a scroll of immolation for 38 gold pieces
  1161 | D        | Bought a scroll of identify for 22 gold pieces
  1161 | D        | Bought a scroll of immolation for 38 gold pieces
  1161 | D        | Bought a scroll of identify for 22 gold pieces
  1161 | D        | Bought a scroll of immolation for 38 gold pieces
  1336 | D        | Noticed a centaur warrior
  1339 | D        | Noticed a two-headed ogre
  1344 | D        | Received a gift from Trog
  1347 | D        | Killed an unseen horror
  1349 | D        | Noticed a rakshasa
  1353 | D        | Killed a centaur warrior
  1354 | D        | Noticed an ogre mage
  1361 | D        | Reached skill level 12 in Shields
  1366 | D        | Noticed a centaur warrior
  1368 | D        | Killed a two-headed ogre
  1370 | D        | Noticed a stone giant
  1379 | D        | Killed a rakshasa
  1385 | D        | Killed an ogre mage
  1385 | D        | Received a gift from Trog
  1385 | D        | Reached skill level 1 in Armour
  1385 | D        | Reached XP level 12. HP: 108/132 MP: 11/11
  1418 | D        | Killed a stone giant
  1424 | D        | Killed a centaur warrior
  1448 | D        | Got a transparent giant club {god gift}
  1540 | D        | Noticed Nessos
  1547 | D        | Killed Nessos
  1547 | D        | Received a gift from Trog
  1714 | D        | Received a gift from Trog
  1853 | D        | Noticed an eight-headed hydra
  1857 | D        | Reached skill level 13 in Shields
  1869 | D        | Killed an eight-headed hydra
  1876 | D        | Received a gift from Trog
  1899 | D        | Identified the +0 giant club of Xaodaena {flame, rPois rN+}
                  | (Trog gifted it to you in the Dungeon)
  1928 | D        | Received a gift from Trog
  2001 | D        | Reached skill level 14 in Shields
  2005 | D        | Reached XP level 13. HP: 144/144 MP: 12/12
  2017 | D        | Received a gift from Trog
  2035 | D        | Reached skill level 1 in Evocations
  2133 | D        | Noticed Frances
  2147 | D        | Killed Frances
  2147 | D        | Received a gift from Trog
  2147 | D        | Reached skill level 5 in Armour
  2155 | D        | Noticed Sonja
  2169 | D        | Killed Sonja
  2198 | D        | Killed a ghost moth
  2202 | D        | Noticed Nergalle
  2219 | D        | Killed Nergalle
  2770 | D        | Noticed a vampire knight
  2770 | D        | Noticed a fire dragon
  2774 | D        | Reached skill level 15 in Shields
  2777 | D        | Paralysed by a vampire knight for 3 turns
  2780 | D        | Noticed a sphinx
  2788 | D        | Killed a vampire knight
  2800 | D        | Received a gift from Trog
  2810 | D        | Killed a fire dragon
  2831 | D        | Noticed a fire giant
  2836 | D        | Received a gift from Trog
  2840 | D        | Killed a sphinx
  2844 | D        | Killed a fire giant
  2973 | D        | Noticed a fire dragon
  2980 | D        | Received a gift from Trog
  2981 | D        | Noticed a stone giant
  2986 | D        | Killed a fire dragon
  2989 | D        | Reached skill level 16 in Shields
  2990 | D        | Noticed a red very ugly thing
  3001 | D        | Killed a stone giant
  3010 | D        | Killed a red very ugly thing
  3010 | D        | Received a gift from Trog
  3010 | D        | Reached skill level 15 in Fighting
  3010 | D        | Reached XP level 14. HP: 127/159 MP: 4/13
  3075 | D        | Noticed an ironheart preserver
  3090 | D        | Noticed an ironheart preserver
  3092 | D        | Noticed a stone giant
  3098 | D        | Killed an ironheart preserver
  3098 | D        | Received a gift from Trog
  3119 | D        | Noticed a stone giant
  3122 | D        | Killed an ironheart preserver
  3122 | D        | Received a gift from Trog
  3125 | D        | Noticed a frost giant
  3128 | D        | Killed a stone giant
  3128 | D        | Reached skill level 17 in Shields
  3314 | D        | Received a gift from Trog
  3322 | D        | Killed a stone giant
  3360 | D        | Killed a frost giant
  3372 | D        | Received a gift from Trog
  3693 | D        | Noticed Mennas
  3737 | D        | Killed Mennas
  3737 | D        | Reached skill level 18 in Shields
  3931 | D        | Noticed Ilsuiw
  3957 | D        | Killed Ilsuiw
  3970 | D        | Received a gift from Trog
  3982 | D        | HP: 8/163 [merfolk javelineer/javelin (9)]
  4184 | D        | Received a gift from Trog
  4251 | D        | Got a jewelled morningstar {god gift}
  4252 | D        | Identified the +4 morningstar of Dismemberment {vorpal, rN+
                  | MR++} (Trog gifted it to you in the Dungeon)
  4261 | D        | Got a barnacled rune of Zot
  4276 | D        | Noticed a nagaraja
  4276 | D        | Noticed a nagaraja
  4277 | D        | Noticed a nagaraja
  4279 | D        | Noticed a nagaraja
  4285 | D        | Killed a nagaraja
  4285 | D        | Reached skill level 19 in Shields
  4285 | D        | Reached XP level 15. HP: 172/172 MP: 4/14
  4287 | D        | Killed a nagaraja
  4288 | D        | Noticed a nagaraja
  4290 | D        | Received a gift from Trog
  4301 | D        | Noticed a nagaraja
  4306 | D        | Killed a nagaraja
  4314 | D        | Killed a nagaraja
  4322 | D        | Killed a nagaraja
  4322 | D        | Received a gift from Trog
  4326 | D        | Killed a nagaraja
  4329 | D        | Received a gift from Trog
  4340 | D        | Got a serpentine rune of Zot
  4532 | D        | Received a gift from Trog
  4532 | D        | Reached skill level 20 in Shields
  4560 | D        | Received a gift from Trog
  4578 | D        | Reached skill level 15 in Dodging
  4582 | D        | Got a decaying rune of Zot
  4616 | D        | Received a gift from Trog
  4674 | D        | Reached skill level 21 in Shields
  4682 | D        | Slain by a wolf spider

Illustrated notes

Levels and vault maps discovered:
D:        linesprint [early_d, line_temple, items_1, d_10, items_2, lair_1,
          lair_end, items_3, orc_1, orc_end, items_4, d_15, swamp_1, shoals_1,
          snake_1, spider_1, d_20, vaults_1, items_5, swamp_end, shoals_end,
          snake_end, spider_end, vaults_end, d_27, items_6, zot_1, zot_end,
          crypt_end, forest_end, elf_end, slime_end, tomb_end, abyss_end,
          pan_hell_end]

Skill      XL: |  1  2  3  4  5  6  7  8  9 10 11 12 13 14 15 |
---------------+----------------------------------------------+-----
Maces & Flails | 2 3 4 7 8 9 11 13 15 17 18 19 20 | 20.7
Fighting       | 3 4 5 6 7 8 9 12 13 15 16 17 | 17.8
Dodging        | 3 4 5 6 7 8 9 10 11 13 14 15 | 15.2
Shields        | 3 4 6 7 8 10 11 12 14 16 19 21 | 21.0
Stealth        | 1 3 4 |  4.1
Armour         | 1 4 7 9 |  9.8
Evocations     | 1 2 |  2.8
Throwing       | |  0.7

Action                   |  1- 3 |  4- 6 |  7- 9 | 10-12 | 13-15 || total
-------------------------+-------+-------+-------+-------+-------++-------
Melee: Flail             |    28 |       |       |       |       ||    28
       Morningstar       |     5 |    32 |    91 |    51 |   401 ||   580
       Eveningstar       |       |       |       |    28 |       ||    28
       Demon whip        |       |       |       |   217 |   135 ||   352
Throw: Large rock        |       |       |       |       |     1 ||     1
Invok: Berserk           |       |     1 |     2 |    10 |     8 ||    21
       Brothers in Arms  |       |       |       |       |     5 ||     5
Evoke: Wand              |       |       |       |     2 |     8 ||    10
  Use: Potion            |     2 |       |       |     1 |    10 ||    13
       Scroll            |       |       |       |     2 |     1 ||     3
 Stab: Confused          |       |       |       |     4 |       ||     4
Armor: Robe              |     2 |    16 |    16 |     4 |       ||    38
       Swamp dragon scal |       |       |       |     9 |    88 ||    97
Dodge: Dodged            |    16 |    17 |    29 |    37 |   142 ||   241
Block: Kite shield       |     9 |    22 |    62 |    34 |       ||   127
       Reflection        |       |       |       |     8 |    22 ||    30
       Tower shield      |       |       |       |   117 |   657 ||   774

Table legend: (Time is in decaauts)
 A = Elapsed time spent in this place.
 B = Non-inter-level travel time spent in this place.
 C = Inter-level travel time spent in this place.
 D = Time resting spent in this place.
 E = Time spent auto-exploring this place.
 F = Levels seen in this place.
 G = Mean time per level.
                   A        B        C        D        E       F      G
               +--------+--------+--------+--------+--------+-----+--------+
         Total |   4579 |   4394 |    185 |   1063 |    814 |   1 | 4579.0 |
       Dungeon |   4579 |   4394 |    185 |   1063 |    814 |   1 | 4579.0 |
               +--------+--------+--------+--------+--------+-----+--------+

Top non-repeatable levels by time:
       D: 4579 daAuts
